Map: Para Site LE

Players

Woogie - Winner!

  • Race: Zerg Zerg
  • League: Diamond
  • Spawn Location: 11:00

WebFreaK

  • Race: Zerg Zerg
  • League: Diamond
  • Spawn Location: 5:00

VOD

Have the link to the VOD?

Description

Spotting this Zerg's Nydus Network and his lurkers leads to me defending and getting to tech up to BLs and finishing the game.

Time

  • Played on: Sept. 17, 2018, 1:01 p.m.
  • Length: 14:26
Show
View Real Time Build Order
Export as new Build Order

Woogie Zerg - Winner!

Build Orders: Hatch First 

Get SALT Encoding   

  12  0:01  Drone  
  13  0:13  Overlord  
  13  0:17  Drone  
  14  0:32  Drone x2  
  16  0:38  Drone  
  17  0:53  Hatchery  
  16  0:59  Drone  
  17  1:13  Spawning Pool  
  17  1:14  Drone  
  17  1:17  Extractor  
  17  1:18  Drone  
  17  1:21  Drone  
  18  1:29  Drone  
  19  1:39  Overlord  
  19  1:53  Drone, Evolution Chamber  
  19  2:00  Queen  
  21  2:02  Drone  
  21  2:04  Queen  
  21  2:07  Drone  
  25  2:15  Drone x2  
  26  2:20  Zerg Melee Weapons Level 1  
  27  2:30  Drone x2  
  29  2:42  Queen x2  
  33  2:47  Overlord  
  33  2:53  Zergling x4  
  33  2:56  Metabolic Boost  
  35  3:04  Overlord  
  35  3:07  Zergling x4  
  37  3:22  Baneling Nest  
  36  3:34  Drone x4  
  36  3:35  Zergling x6  
  43  3:51  Overlord  
  43  3:58  Zergling x6  
  43  3:59  Zergling x4  
  44  4:29  Overlord  
  44  4:30  Zergling x2  
  49  4:31  Zergling x18  
  49  4:34  Zerg Ground Armor Level 1  
  54  4:38  Hatchery  
  54  4:40  Baneling  
  47  4:58  Baneling  
  47  5:05  Zergling x10  
  47  5:06  Zergling x8  
  56  5:12  Baneling  
  46  5:31  Drone x4  
  48  5:36  Roach Warren  
  47  5:42  Baneling  
  47  5:43  Baneling  
  47  5:47  Drone x4  
  47  5:49  Extractor  
  50  5:51  Extractor  
  50  5:55  Zergling x4  
  47  6:26  Drone x4  
  47  6:27  Drone x2  
  51  6:44  Lair  
  51  6:57  Overlord x2, Drone x4  
  51  6:58  Drone  
  51  6:59  Drone x7  
  51  7:00  Drone  
  64  7:03  Zerg Missile Weapons Level 1  
  64  7:07  Evolution Chamber  
  63  7:11  Extractor  
  62  7:17  Extractor  
  62  7:19  Extractor  
  60  7:24  Baneling x2  
  60  7:29  Roach  
  62  7:30  Roach x11  
  84  7:38  Hatchery  
  83  7:47  Overlord x3  
  83  7:48  Overlord  
  83  7:53  Drone  
  83  7:54  Drone x4  
  83  7:57  Glial Reconstitution  
  88  8:00  Zerg Ground Armor Level 2  
  89  8:05  Drone x3  
  89  8:06  Drone  
  89  8:10  Overseer  
  92  8:18  Overseer  
  92  8:24  Roach  
  92  8:25  Roach x9  
  112  8:39  Spire  
  111  8:49  Overseer x2  
  111  8:58  Ravager x3  
  114  9:03  Overlord x6  
  114  9:09  Infestation Pit  
  106  9:53  Tunneling Claws  
  106  9:55  Hive  
  106  9:56  Burrow  
  102  10:22  Ravager  
  102  10:23  Ravager  
  102  10:24  Ravager x2  
  102  10:27  Roach  
  102  10:28  Roach x6  
  120  10:29  Zergling x18  
  120  10:30  Zergling x10  
  116  10:40  Ravager x3  
  100  11:32  Greater Spire, Corruptor  
  97  11:33  Corruptor x6  
  97  11:38  Roach x10  
  97  11:39  Roach x7  
  128  12:16  Overseer x4  
  128  12:17  Hatchery  
  127  12:31  Roach x4  
  127  12:32  Roach x11  
  155  13:11  Brood Lord x2  
  155  13:12  Brood Lord x4  
  167  13:15  Hatchery  
  167  13:16  Overlord x4  
  145  13:54  Brood Lord  
  144  14:00  Roach x10  
  144  14:01  Roach x13  
Show
View Real Time Build Order
Export as new Build Order

WebFreaK Zerg 

Build Orders: Hatch First, Lurkers, Zergling Baneling 

Get SALT Encoding   

  12  0:02  Drone  
  13  0:09  Drone  
  14  0:22  Overlord  
  14  0:27  Extractor, Drone  
  15  0:41  Drone x2  
  17  0:54  Hatchery  
  17  0:56  Drone  
  17  0:59  Extractor  
  16  1:08  Drone  
  16  1:09  Drone  
  18  1:22  Spawning Pool  
  17  1:26  Drone  
  17  1:28  Drone  
  19  1:43  Drone  
  20  2:05  Overlord  
  20  2:08  Zergling x2  
  20  2:09  Zergling x2, Queen x2  
  20  2:11  Zergling x2  
  27  2:15  Metabolic Boost  
  27  2:21  Drone  
  28  2:24  Drone  
  29  2:31  Zergling x2  
  29  2:36  Baneling Nest, Drone  
  30  2:43  Drone  
  30  2:44  Drone  
  32  2:51  Zergling x2  
  33  2:58  Overlord  
  33  3:03  Drone  
  34  3:07  Extractor, Lair  
  34  3:11  Zergling x4  
  34  3:30  Baneling x3  
  34  3:41  Overlord x2  
  34  3:43  Baneling  
  34  3:49  Zergling x2  
  35  3:59  Spine Crawler  
  35  4:00  Drone x2  
  35  4:01  Drone x4  
  40  4:04  Baneling x3  
  36  4:23  Zergling x14  
  36  4:24  Zergling x2  
  42  4:34  Hydralisk Den  
  41  4:41  Zergling x8  
  44  4:52  Spine Crawler  
  42  4:53  Extractor  
  42  4:58  Baneling  
  42  4:59  Extractor  
  40  5:00  Baneling  
  40  5:01  Zergling x2  
  40  5:04  Drone x5  
  40  5:05  Drone  
  47  5:10  Baneling x2  
  38  5:28  Zergling x6  
  38  5:29  Zergling x4  
  38  5:33  Baneling x5  
  42  5:40  Hydralisk  
  42  5:41  Lurker Den  
  43  5:55  Drone  
  43  5:56  Drone x5  
  49  6:02  Evolution Chamber  
  48  6:04  Evolution Chamber  
  48  6:09  Spine Crawler  
  46  6:13  Zergling x8  
  50  6:33  Spine Crawler  
  50  6:37  Spine Crawler  
  50  6:39  Hydralisk x2  
  46  6:43  Overlord  
  50  6:52  Drone  
  51  6:56  Grooved Spines  
  51  7:03  Zerg Missile Weapons Level 1  
  51  7:05  Hydralisk x2  
  55  7:10  Drone x2  
  55  7:13  Drone  
  55  7:15  Drone  
  59  7:21  Overlord  
  59  7:37  Overlord  
  59  7:38  Overlord  
  59  7:40  Lurker x4  
  63  7:50  Nydus Network  
  62  8:03  Hydralisk x4  
  70  8:09  Hydralisk  
  72  8:19  Overseer  
  72  8:30  Unknown, Lurker x3  
  72  8:31  Hydralisk x2  
  72  8:33  Overlord  
  79  9:09  Nydus Canal  
  79  9:13  Hydralisk x5  
  79  9:14  Hydralisk  
  84  9:39  Nydus Canal  
  81  9:57  Baneling x3  
  81  9:58  Baneling x4  
  78  10:14  Hydralisk x5  
  78  10:15  Hydralisk x2  
  81  10:46  Lurker  
  82  10:50  Zerg Missile Weapons Level 2  
  82  10:51  Zerg Ground Armor Level 1  
  75  11:07  Overseer  
  63  11:24  Zergling x12  
  66  11:28  Queen x2  
  70  11:34  Lurker  
  61  11:52  Hydralisk x2  
  61  11:53  Hydralisk x2  
  56  12:04  Hydralisk x2  
  60  12:14  Hydralisk x2  
  64  12:20  Lurker  
  64  12:21  Lurker x3  
  65  12:44  Zergling x12  
  68  13:01  Hydralisk x5  
  68  13:02  Hydralisk  
  80  13:08  Hatchery  
  80  13:11  Hatchery, Hydralisk  
  80  13:17  Hydralisk  
  81  13:41  Hydralisk x6  
  72  13:52  Hydralisk x2  
Tags
 
Add a new tag
Caveats
  • Supply blocks, unpowered buildings, or Contaminate may cause inaccurate times.
  • Supply counts are checked every 10 seconds.